[Event "Early-Titled-Tuesday-Blitz-October-24-2023"]
[Site "Chess.com"]
[Date "2023.10.24"]
[Round "9"]
[White "Verony64"]
[Black "Nf3c5"]
[Result "0-1"]
[WhiteElo "2177"]
[BlackElo "2584"]
[TimeControl "180+1"]
[EndTime "9:43:09 PDT"]
[Termination "Nf3c5 won by checkmate"]

1. e4 c5 2. Nc3 Nc6 3. d3 e6 4. g3 d5 5. Bg2 dxe4 6. Nxe4 Nge7 7. f4 Nf5 8. Nf3 b6 9. Nf2 Bb7 10. O-O Be7 11. Re1 Rb8 12. c3 O-O 13. Qc2 Qd6 14. Bd2 Rfd8 15. Rad1 h6 16. Bc1 Qc7 17. Qe2 b5 18.
Ng4 b4 19. Nge5 Nxe5 20. Nxe5 bxc3 21. bxc3 Bf6 22. Qc2 Bxe5 23. Rxe5 c4 24. d4 Bxg2 25. Qxg2 Rb1 26. Rde1 Ne7 27. Rc5 Qd7 28. Rxc4 Rc8 29.
Rxc8+ Qxc8 30. Qc2 Qb7 31. Bd2 Rb2 32. Qd3 Rxa2 33. Rb1 Rb2 34. Rxb2 Qxb2 35. Kf2 a5 36.
Ke2 a4 37. Qa6 a3 38. Qa8+ Kh7 39. Qe4+ Ng6 40. h4 a2 41. h5 a1=Q 42. hxg6+ fxg6 43. Qxe6 Qbb1 44. Qe3 Qf1# 0-1

[Event "Early-Titled-Tuesday-Blitz-October-24-2023"]
[Site "Chess.com"]
[Date "2023.10.24"]
[Round "9"]
[White "blitzking1729"]
[Black "hansen"]
[Result "1/2-1/2"]
[WhiteElo "2808"]
[BlackElo "2936"]
[TimeControl "180+1"]
[EndTime "9:43:14 PDT"]
[Termination "Game drawn by agreement"]

1. d4 Nf6 2. Bg5 e6 3. Nd2 h6 4. Bh4 c5 5. e4 cxd4 6. e5 g5 7. Bg3 Nd5 8. h4 gxh4 9. Rxh4 Nc6 10.
Ngf3 Be7 11. Re4 Qb6 12. Nc4 Qb4+ 13. Qd2 b5 14. a3 Qxd2+ 15. Ncxd2 f5 16. exf6 Nxf6 17.
Rh4 h5 18. Nxd4 Nxd4 19. Rxd4 a6 20. a4 b4 21. Nc4 d5 22. Nb6 Bc5 23. Nxa8 Bxd4 24.
O-O-O Bc5 25. Nc7+ Kf7 26. Nxa6 Bxa6 27. Bxa6 Ne4 28.
Bh4 Ra8 29. Bb5 Nd6 30. Be2 Kg6 31. Bd3+ Kf7 32. b3 Rg8 33. Bg3 h4 34. Bxh4 Rxg2 35. Bg3 Ne4 36. Bf1 Rg1 37. Bh3 Rxd1+ 38. Kxd1 Nxf2+ 39. Bxf2 Bxf2 40. Ke2 Bb6 41. Kd3 e5 42. c3 e4+ 43. Kc2 bxc3 44. Kxc3 Ke7 45. b4 Kd6 46. a5 Bf2 47. Bg2 Be1+ 48. Kb3 e3 49. Bf1 Kc6 50.
b5+ Kc5 51. a6 Kb6 52. Kc2 Bh4 53. Bd3 Be7 54. Kd1 Bc5 55. Ke2 Kc7 1/2-1/2

[Event "Early-Titled-Tuesday-Blitz-October-24-2023"]
[Site "Chess.com"]
[Date "2023.10.24"]
[Round "9"]
[White "Ranindu2003"]
[Black "Aygehovit1992"]
[Result "1/2-1/2"]
[WhiteElo "2808"]
[BlackElo "2667"]
[TimeControl "180+1"]
[EndTime "9:43:14 PDT"]
[Termination "Game drawn by repetition"]

1. e4 c5 2. Nf3 d6 3. d4 cxd4 4. Nxd4 Nf6 5. Nc3 g6 6. h3 Bg7 7. g4 O-O 8. Bg2 Nc6 9. Be3 Bd7 10. Qd2 Ne5 11. b3 Rc8 12. Nde2 Qa5 13. Rc1 Nfxg4 14. hxg4 Rxc3 15. Bd4 Nd3+ 16. Kd1 Bxd4 17. Nxd4 Bxg4+ 18. f3 Nxc1 19. fxg4 Nd3 20. cxd3 Rfc8 21. Ne2 R3c5 22. Qh6 e6 23. g5 Qxa2 24. Qxh7+ Kf8 25. Qh8+ Ke7 26.
Qf6+ Kd7 27. Qxf7+ Kc6 28. e5+ d5 29. Qxe6+ Kb5 30. Bxd5 Qa1+ 31. Kd2 Rc2+ 32. Ke3 Qb2 33. Nd4+ Kb4 34. Nxc2+ Qxc2 35. Qd6+ Kc3 36. Qf6 Qd2+ 37. Ke4 Qxd3+ 38. Kf4 Qxd5 39. Rc1+ Kb2 40. Rxc8 Qd4+ 41. Kg3 Qg1+ 42. Kh3 Qh1+ 43. Kg3 Qg1+ 44. Kf4 Qd4+ 45.
Kf3 Qd3+ 46. Kf2 Qd4+ 47. Kg3 Qg1+ 1/2-1/2

[Event "Early-Titled-Tuesday-Blitz-October-24-2023"]
[Site "Chess.com"]
[Date "2023.10.24"]
[Round "9"]
[White "RandomNoob04"]
[Black "Hovik_Hayrapetyan"]
[Result "0-1"]
[WhiteElo "2628"]
[BlackElo "2804"]
[TimeControl "180+1"]
[EndTime "9:43:14 PDT"]
[Termination "Hovik_Hayrapetyan won by resignation"]

1. e4 c5 2. d4 cxd4 3. c3 d3 4. Bxd3 Nc6 5. Nf3 d6 6. h3 g6 7. O-O Bg7 8. c4 Nf6 9. Nc3 O-O 10. Be3 Be6 11. Qd2 Rc8 12. Bh6 Bxh6 13. Qxh6 Ne5 14. Nxe5 dxe5 15. Rfd1 Qb6 16. b3 Rfd8 17. Be2 Rd4 18.
Qg5 Nxe4 19. Nxe4 Rxe4 20. Bf3 f6 21. Qh6 Rf4 22. Rd2 Rd8 23. Rad1 Rfd4 24. Rxd4 Rxd4 25.
Re1 Qc7 26. Be4 f5 27. Bf3 e4 28. Be2 Qa5 29. Qc1 Qxa2 30. Rd1 Rxd1+ 31. Qxd1 Kf7 32. g3 b6 33. h4 Qb2 34. h5 Qc3 35. hxg6+ hxg6 36. Qd8 e3 37. fxe3 Qe1+ 38. Bf1 Qxg3+ 39. Kh1 Qxe3 40. Qh8 Qxb3 41. Qh7+ Kf6 42. Qh4+ Ke5 43. Qxe7 Qf3+ 44. Kg1 Qe3+ 45. Kh1 g5 46. Qxa7 Kf4 47.
Qc7+ Kg4 48. Qh2 Qf3+ 49. Bg2 Qd1+ 50. Qg1 Qxg1+ 51. Kxg1 Bxc4 52. Kf2 Kf4 53. Bc6 b5 54. Bd5 Bxd5 0-1

[Event "Early-Titled-Tuesday-Blitz-October-24-2023"]
[Site "Chess.com"]
[Date "2023.10.24"]
[Round "9"]
[White "vovachesss"]
[Black "topin8"]
[Result "1-0"]
[WhiteElo "2761"]
[BlackElo "2443"]
[TimeControl "180+1"]
[EndTime "9:43:15 PDT"]
[Termination "vovachesss won on time"]

1. d4 Nf6 2. c4 c5 3. Nf3 cxd4 4. Nxd4 Nc6 5. g3 e5 6. Nb5 d6 7. Bg2 Be7 8. O-O Be6 9. b3 a6 10. N5a3 O-O 11. Nc3 Qd7 12. Nc2 Rab8 13. a4 Bh3 14. Ne3 Bxg2 15. Kxg2 Nd4 16. Bb2 b5 17. axb5 axb5 18.
cxb5 Nxb5 19. Ncd5 Nxd5 20. Nxd5 Bd8 21. Qd3 Nc7 22. Ne3 Qc6+ 23. Kg1 Ne6 24. Ra6 Qb5 25.
Rxd6 Bc7 26. Rd5 Qxd3 27. Rxd3 Rb5 28. Rc1 Rfb8 29. Nd5 Rxb3 30. Rxb3 Rxb3 31. Bxe5 Rb5 32. Nxc7 Rxe5 33. Nb5 g6 34. Nd6 Kg7 35. Re1 Rd5 36. Nc4 Nd4 37. Ne3 Re5 38. Kf1 Rb5 39. Rd1 Ne6 40.
f3 Rb2 41. Kf2 h5 42. Nc4 Rc2 43. Ne5 Ra2 44. Rd7 Ng5 45. h4 Nh7 46. Rxf7+ Kh6 47.
Rb7 g5 48. Nf7+ Kg6 49. Ne5+ Kf5 50. Rxh7 Kxe5 51. Rxh5 1-0

[Event "Early-Titled-Tuesday-Blitz-October-24-2023"]
[Site "Chess.com"]
[Date "2023.10.24"]
[Round "9"]
[White "GHANDEEVAM2003"]
[Black "MagnusCarlsen"]
[Result "0-1"]
[WhiteElo "3041"]
[BlackElo "3274"]
[TimeControl "180+1"]
[EndTime "9:43:17 PDT"]
[Termination "MagnusCarlsen won by resignation"]

1. g3 g6 2. Bg2 Bg7 3. Nf3 b6 4. e4 Bb7 5. d3 d5 6. exd5 Qxd5 7.
O-O Qd8 8. Re1 Nf6 9. Nc3 O-O 10.
Ne5 Qc8 11. Bf4 Re8 12. Bxb7 Qxb7 13. Qf3 Qxf3 14. Nxf3 c5 15. Nb5 Nd5 16. Be5 Nc6 17.
Bxg7 Kxg7 18. Ne5 a6 19. Nxc6 axb5 20. c4 bxc4 21. dxc4 Nb4 22. Nxb4 cxb4 23. Re5 Rac8 24. b3 Rc5 25. Re2 Kf6 26. Rd1 b5 27. cxb5 Rxb5 28.
Rd7 g5 29. g4 e6 30. Kg2 Kg6 31.
Rc2 Rf8 32. h3 h5 33. Rcc7 hxg4 34. hxg4 Ra5 35. Ra7 Rxa7 36. Rxa7 Rd8 37. Ra4 Rd4 38. f3 f5 39. Ra6 Rd2+ 40. Kh3 Kf7 41. gxf5 exf5 42.
Kg3 Rc2 43. Ra4 Kg6 44. Rxb4 f4+ 45. Kh3 Rf2 46. Rb8 Rxf3+ 47. Kg2 Rc3 48. a4 Kf5 49. a5 Rc2+ 50. Kf1 Ra2 51. b4 f3 52. b5 Rxa5 53. b6 Rb5 54. Kf2 Kg4 55. Ke3 Kg3 56. Rg8 g4 57. Rg6 f2 58. Rf6 Rxb6 0-1

[Event "Early-Titled-Tuesday-Blitz-October-24-2023"]
[Site "Chess.com"]
[Date "2023.10.24"]
[Round "9"]
[White "twitchTriniCupid"]
[Black "ama18"]
[Result "0-1"]
[WhiteElo "2339"]
[BlackElo "2527"]
[TimeControl "180+1"]
[EndTime "9:43:17 PDT"]
[Termination "ama18 won by resignation"]

1. Nf3 Nf6 2. d4 e6 3. Bg5 h6 4. Bh4 b6 5. e3 Bb7 6. Bd3 c5 7. c3 cxd4 8. cxd4 Be7 9. O-O O-O 10. Nc3 Nc6 11. Rc1 d5 12. Qe2 Rc8 13. a3 Na5 14.
Ba6 Bxa6 15. Qxa6 Nc4 16. Qxa7 Nxb2 17. Nb5 Rxc1 18. Rxc1 Nc4 19. Ne5 g5 20. Nc6 Qe8 21.
Qxe7 Qxc6 22. Qxf6 gxh4 23. a4 Kh7 24. Qxh4 f6 25.
Qf4 Qd7 26. g4 e5 27. Qf3 Rg8 28. h3 Rg6 29. dxe5 fxe5 30. Kh2 e4 31. Qf4 Qe7 32. Rd1 Rf6 33. Qg3 Ne5 34. Rxd5 Nd3 35. Rf5 Ne1 36. Qf4 Nf3+ 37. Kg3 Rxf5 38. Qxf5+ Kg7 39. Qf4 Qh4+ 40. Kg2 Ne1+ 41. Kf1 Nd3 42. Qg3 Qf6 43. Nd6 Qa1+ 44. Kg2 Ne1+ 45. Kh2 Nf3+ 46. Qxf3 exf3 47. Nf5+ Kf6 48.
Kg3 Qe5+ 49. Kxf3 Qd5+ 50. Kg3 Qb3 51. Nxh6 Qxa4 52. Nf5 Qd1 53. f4 b5 54. g5+ Kxf5 0-1

[Event "Early-Titled-Tuesday-Blitz-October-24-2023"]
[Site "Chess.com"]
[Date "2023.10.24"]
[Round "9"]
[White "jraosam"]
[Black "esrosenberg"]
[Result "0-1"]
[WhiteElo "2159"]
[BlackElo "2457"]
[TimeControl "180+1"]
[EndTime "9:43:22 PDT"]
[Termination "esrosenberg won on time"]

1. e4 e5 2. Nf3 Nc6 3. Bb5 Nf6 4. d3 Ne7 5. O-O c6 6. Bc4 Ng6 7. Nc3 Be7 8. d4 d6 9. dxe5 dxe5 10. Be3 O-O 11.
Qe2 Qc7 12. h3 a5 13. a4 h6 14. Kh2 Kh7 15. Rad1 Bd7 16. g3 Rad8 17. Kg2 Nh5 18. Kh2 Qc8 19. Ng5+ Bxg5 20. Bxg5 Nf6 21. Bxf6 gxf6 22.
Qh5 Kg7 23. f4 b5 24. Be2 b4 25. Nb1 c5 26. Nd2 Bxa4 27. b3 Bc6 28. Nc4 Bxe4 29. fxe5 fxe5 30. Nxe5 Rxd1 31. Bxd1 f6 32. Ng4 Rh8 33. Nxf6 Qe6 34. Bg4 Qe7 35. Re1 Qxf6 36. Rxe4 Qf2+ 37. Kh1 Rf8 38. Re2 Qf1+ 39. Kh2 Rf2+ 40.
Rxf2 Qxf2+ 41. Kh1 Qxg3 42. Qxc5 Qe1+ 43. Kg2 Nf4+ 44.
Kf3 Qf1+ 45. Ke4 Ng6 46. Qc7+ Kf6 47. Qd6+ Kf7 48. Qe6+ Kg7 49. Qd7+ Kf6 0-1

[Event "Early-Titled-Tuesday-Blitz-October-24-2023"]
[Site "Chess.com"]
[Date "2023.10.24"]
[Round "9"]
[White "klimkoj"]
[Black "IlyaGrigorjev"]
[Result "0-1"]
[WhiteElo "2789"]
[BlackElo "2928"]
[TimeControl "180+1"]
[EndTime "9:43:23 PDT"]
[Termination "IlyaGrigorjev won by resignation"]

1. d4 Nf6 2. Nf3 g6 3. e3 Bg7 4.
c4 O-O 5. Nc3 d5 6. Bd2 c5 7. dxc5 Na6 8. Qc2 Bf5 9. Qd1 Nxc5 10. cxd5 Nxd5 11. Nxd5 Qxd5 12. Bc3 Bxc3+ 13. bxc3 Bd3 14.
Be2 Qc4 15. Nd2 Qa6 16. Nb3 Bxe2 17. Nxc5 Qa5 18. Nb3 Bxd1 19. Nxa5 Ba4 20. Nxb7 Rfc8 21. O-O a5 22. Rab1 Rc7 23. c4 Ra7 24. Nd8 Rc8 25.
Rb7 Raa8 26. Rxe7 Rxd8 27. Rb1 Rab8 28. Rxb8 Rxb8 29. h4 Bc2 30. Ra7 a4 31. c5 Rc8 32.
Ra5 Kf8 33. f3 Ke7 34. Kf2 Ke6 35. e4 Rd8 36. Ke3 Rd3+ 37. Ke2 Ra3 38. f4 Bxe4 39.
g3 Rxa2+ 40. Ke3 Bc6 41. Ra7 a3 42. Kd4 Rd2+ 43. Kc3 Rg2 44. Ra6 Rxg3+ 45. Kd4 Kd7 46. Ra7+ Kc8 47. Ke5 Rd3 48. Rxf7 a2 49. Ra7 Rd2 50.
h5 Kb8 51. Ra5 Kb7 52. hxg6 hxg6 53. Ra3 Bd5 54. Kd6 Bg8+ 55. Ke7 Rd1 0-1

[Event "Early-Titled-Tuesday-Blitz-October-24-2023"]
[Site "Chess.com"]
[Date "2023.10.24"]
[Round "9"]
[White "leejunhyeok"]
[Black "chess123456s"]
[Result "1-0"]
[WhiteElo "2674"]
[BlackElo "2548"]
[TimeControl "180+1"]
[EndTime "9:43:24 PDT"]
[Termination "leejunhyeok won by resignation"]

1. d4 d5 2. c4 c6 3. Nf3 Nf6 4. Nc3 e6 5. e3 Nbd7 6. Be2 Bd6 7. O-O O-O 8. b3 b6 9. Bb2 Bb7 10. Bd3 Re8 11. Re1 Rc8 12. e4 dxe4 13. Nxe4 Nxe4 14. Bxe4 Nf6 15. Bd3 c5 16. dxc5 Bxc5 17.
Ne5 Qd6 18. Qe2 Rcd8 19. Rad1 Qc7 20. h3 Bb4 21. Rf1 Bf8 22. f4 h6 23. a3 a5 24.
Bc2 Ba8 25. Kh2 Rxd1 26. Rxd1 Rd8 27. Rxd8 Qxd8 28. Qd3 Qc7 29. Qe3 Bc5 30. Bd4 Qb7 31.
Nf3 Bxd4 32. Qxd4 Qc7 33. Ne5 b5 34. c5 Nd5 35. Be4 Nxf4 36. Bxa8 Ng6 37. Qd6 Qxd6 38.
cxd6 Nxe5 39. Kg3 Kf8 40. Bb7 Ke8 41. Ba6 b4 42. Bb5+ Kd8 43. axb4 axb4 44. Kf4 f6 45. Ke4 Nf7 46. Kd4 Nxd6 47. Bd3 Kc7 48. Kc5 Nf5 49.
Bxf5 exf5 50. Kxb4 g5 51. Kc5 f4 52. Kd5 f5 53. Ke5 g4 54. Kxf4 gxh3 55. gxh3 Kb6 56. Kxf5 Kb5 57. Kg6 Kb4 58. Kxh6 Kxb3 59. Kg7 Kc4 60.
h4 Kd5 61. h5 Ke4 62. h6 Kf5 63.
h7 1-0

[Event "Early-Titled-Tuesday-Blitz-October-24-2023"]
[Site "Chess.com"]
[Date "2023.10.24"]
[Round "9"]
[White "itsdsyr"]
[Black "RNG2200"]
[Result "1-0"]
[WhiteElo "2286"]
[BlackElo "2153"]
[TimeControl "180+1"]
[EndTime "9:43:25 PDT"]
[Termination "itsdsyr won on time"]

1. e4 Nf6 2. e5 Nd5 3. d4 d6 4. c4 Nb6 5. exd6 exd6 6. h3 Be7 7.
Nf3 Bf5 8. Be2 O-O 9. O-O Bf6 10. Nc3 Re8 11. Be3 Nc6 12. b3 h6 13. Rc1 Bg6 14. Re1 d5 15. c5 Nc8 16. a3 N8e7 17. Qd2 Nf5 18. Bb5 a6 19. Bxc6 bxc6 20. b4 Qd7 21.
Bf4 Rxe1+ 22. Rxe1 Rc8 23. Be5 Nh4 24. Nh2 Bxe5 25.
Rxe5 Re8 26. Ng4 f6 27. Rxe8+ Qxe8 28. Qe3 Nf5 29. Qxe8+ Bxe8 30. Ne2 Bh5 31. Kf1 Kf7 32. Ke1 Ne7 33. Ne3 Bxe2 34. Kxe2 g5 35. Kd3 f5 36.
a4 Kf6 37. Nc2 f4 38. Na3 Nf5 39. b5 cxb5 40. axb5 axb5 41. Nxb5 c6 42. Na7 Ne7 43. Kc3 Kf5 44. f3 h5 45. Kb4 g4 46. hxg4+ hxg4 47. Ka5 Kg5 48. Kb6 gxf3 49. gxf3 Nf5 50. Nxc6 Kh4 51.
Kc7 Kg3 52. Kd7 Kxf3 53. Ke6 1-0

[Event "Early-Titled-Tuesday-Blitz-October-24-2023"]
[Site "Chess.com"]
[Date "2023.10.24"]
[Round "9"]
[White "masterofpuppets2"]
[Black "rachidhuilda"]
[Result "1-0"]
[WhiteElo "2548"]
[BlackElo "2386"]
[TimeControl "180+1"]
[EndTime "9:43:26 PDT"]
[Termination "masterofpuppets2 won by checkmate"]

1. d4 Nf6 2. c4 c5 3. d5 b5 4.
cxb5 a6 5. bxa6 g6 6. Nc3 Bg7 7. a7 Rxa7 8. e4 d6 9. Be2 O-O 10. Nf3 Ba6 11. O-O Bxe2 12. Qxe2 Na6 13. Nd2 Qd7 14. Rd1 Rb8 15. Nc4 Nc7 16. a4 Na6 17.
Nb5 Raa8 18. Ra3 Nb4 19. b3 Ra6 20. Bb2 Ne8 21. Bxg7 Nxg7 22. h3 Ne8 23. e5 Nc7 24. Nc3 Ra7 25. exd6 exd6 26. Ne4 Ne8 27. Qb2 Rab7 28.
Ncxd6 Qxd6 29. Nxd6 Nxd6 30. a5 c4 31. a6 Rb6 32. a7 Ra8 33. Qd4 Rb7 34. bxc4 Nc2 35. Qc5 Nxa3 36. Qxd6 Nxc4 37. Qc6 Na5 38. Qa4 Rbxa7 39.
d6 Nb7 40. Qc6 Nd8 41. Qb6 Ra6 42. Qc5 R6a7 43. d7 Ra6 44. Qe7 R6a7 45. Qe8+ Kg7 46.
Qe5+ Kg8 47. Qe8+ Kg7 48. h4 h5 49. Qe5+ Kf8 50. Qf6 Kg8 51. Re1 Ra1 52. Rxa1 Rxa1+ 53.
Kh2 Ra8 54. f3 Ne6 55. g4 hxg4 56. fxg4 Ra2+ 57. Kg1 Ra3 58. Kf2 Ra8 59. h5 gxh5 60. gxh5 Ra2+ 61. Ke1 Ra3 62. h6 Ra4 63. d8=Q+ Nxd8 64. Qg7# 1-0

[Event "Early-Titled-Tuesday-Blitz-October-24-2023"]
[Site "Chess.com"]
[Date "2023.10.24"]
[Round "9"]
[White "Iball95"]
[Black "DefiantChair"]
[Result "0-1"]
[WhiteElo "2838"]
[BlackElo "2688"]
[TimeControl "180+1"]
[EndTime "9:43:27 PDT"]
[Termination "DefiantChair won on time"]

1. e4 e5 2. Nf3 Nc6 3. Nc3 Nf6 4.
Bb5 Nd4 5. Nxd4 exd4 6. e5 dxc3 7. exf6 Qxf6 8. dxc3 c6 9. Bd3 Bc5 10. O-O d5 11.
Qh5 h6 12. Be3 Bb6 13. Rae1 O-O 14. a3 Be6 15. Bxb6 axb6 16. Re3 b5 17. Rfe1 Rfe8 18. h3 Bd7 19. Qe2 Rxe3 20. Qxe3 Qg5 21. f4 Qf6 22. Qb6 Rb8 23. Qc7 Qd8 24. Qe5 Qf8 25. Qc7 Qd8 26.
Qd6 Be6 27. Qxd8+ Rxd8 28. Kf2 Kf8 29. Ke3 b6 30. f5 Bc8 31. Kf4 Re8 32. Rg1 Bd7 33.
g4 f6 34. h4 c5 35. Rd1 Re5 36. Bf1 Ke7 37. Bg2 Kd6 38. h5 Bc6 39. Bf3 Re7 40.
Kg3 c4 41. Kf4 Kc5 42. b4+ Kd6 43. Bg2 Ra7 44. Ra1 Re7 45. Rd1 Re2 46. Bf3 Rxc2 47. a4 bxa4 0-1

[Event "Early-Titled-Tuesday-Blitz-October-24-2023"]
[Site "Chess.com"]
[Date "2023.10.24"]
[Round "9"]
[White "vasblesk"]
[Black "m_ezat"]
[Result "0-1"]
[WhiteElo "2739"]
[BlackElo "2614"]
[TimeControl "180+1"]
[EndTime "9:43:28 PDT"]
[Termination "m_ezat won by checkmate"]

1. d4 Nf6 2. c4 g6 3. g3 Bg7 4.
Bg2 O-O 5. e4 d6 6. Nc3 Nc6 7.
Nge2 Na5 8. b3 c5 9. O-O a6 10.
Bb2 b5 11. cxb5 axb5 12. dxc5 dxc5 13. Nxb5 Ba6 14. Nbc3 Ng4 15. Qxd8 Rfxd8 16. Rfd1 Bxe2 17. Rxd8+ Rxd8 18. h3 Nh6 19. e5 Ba6 20. Ne4 Nb7 21. g4 Kf8 22. Rc1 Ng8 23. Nxc5 Nxc5 24. Rxc5 h5 25.
gxh5 gxh5 26. Bf3 Bc8 27. Kg2 h4 28. Rc4 Nh6 29. Rxh4 Rd2 30. Bc1 Nf5 31. Rc4 Ne3+ 32. Kg3 Nxc4 33. Bxd2 Nxd2 34. Bd5 e6 35. Bc6 Bxe5+ 36.
f4 Bd6 37. h4 Nb1 38. a4 Bb4 39. h5 Nd2 40. h6 Kg8 41. Be8 Ne4+ 42. Kf3 Nd2+ 43. Kg3 Nxb3 44. h7+ Kxh7 45. Bxf7 Nd4 46. Kg2 Kg7 47. Bh5 Kf6 48. Bg4 Bb7+ 49. Kf2 Bc6 50.
Bd1 Kf5 51. Ke3 Bc5 52. Kd3 Kxf4 53. Kc4 Ba7 54. a5 e5 55. a6 Bg2 56. Kb4 Bf1 57.
Ka5 Nc6+ 58. Ka4 Bxa6 59. Bb3 e4 60. Bd5 Nd4 61. Ka5 Bd3 62. Bf7 e3 63. Bh5 Be4 64. Ka6 Bc5 65. Ka5 Be7 66. Kb6 Bf3 67. Bf7 e2 68.
Bc4 e1=Q 69. Be2 Qb4+ 70. Kc7 Qd6+ 71. Kc8 Qd8# 0-1

[Event "Early-Titled-Tuesday-Blitz-October-24-2023"]
[Site "Chess.com"]
[Date "2023.10.24"]
[Round "9"]
[White "noblerone"]
[Black "Nbk90"]
[Result "1-0"]
[WhiteElo "2518"]
[BlackElo "2219"]
[TimeControl "180+1"]
[EndTime "9:43:29 PDT"]
[Termination "noblerone won on time"]

1. d4 Nf6 2. Nf3 g6 3. Bg5 Bg7 4. Nbd2 O-O 5. c3 d6 6. e3 c5 7. Bc4 Qc7 8. O-O Nc6 9. a4 b6 10. h3 a6 11. Re1 Rb8 12. Qe2 Qb7 13. e4 b5 14. axb5 axb5 15. Ba2 cxd4 16. cxd4 Nb4 17.
Bb3 h6 18. Bf4 Nh5 19. Bh2 Qb6 20. Qe3 Be6 21. Rec1 Bxb3 22. Nxb3 Ra8 23. Qd2 Ra4 24. Ra3 Nf6 25. e5 Ne4 26. Qe2 d5 27. Nc5 Nxc5 28.
dxc5 Qa6 29. Rxa4 bxa4 30. Qxa6 Nxa6 31. c6 e6 32. Nd4 Rc8 33. Bf4 Bf8 34. Nb5 Nc5 35.
c7 d4 36. Rc4 d3 37. Be3 Na6 38.
Nd6 Rxc7 39. Rxa4 Nc5 40. Rc4 Na6 41. Rd4 Rc6 42. Rxd3 Nb4 43. Rb3 Nd5 44. Rb8 Kg7 45. Ne8+ Kg8 46. Nf6+ Kg7 47. g3 Nxe3 48. fxe3 Rc1+ 49.
Kf2 Rc2+ 50. Kf3 g5 51. g4 Rc1 52. b4 Rc4 53. b5 Rb4 54. b6 Rb5 55. b7 Rb1 56.
Ke2 Rb6 57. Kd3 Rb3+ 58. Kc4 Rb1 59. Nd7 1-0

[Event "Early-Titled-Tuesday-Blitz-October-24-2023"]
[Site "Chess.com"]
[Date "2023.10.24"]
[Round "9"]
[White "Elsa167"]
[Black "Aswathchess"]
[Result "1-0"]
[WhiteElo "2873"]
[BlackElo "2667"]
[TimeControl "180+1"]
[EndTime "9:43:32 PDT"]
[Termination "Elsa167 won by resignation"]

1. d4 Nf6 2. c4 e6 3. Nf3 d5 4. Nc3 c6 5. Bg5 Nbd7 6. cxd5 exd5 7. Qc2 Bd6 8. e3 O-O 9. Bd3 h6 10. Bh4 Re8 11. O-O b5 12. Ne2 Bb7 13. Bg3 Nb6 14. Ne5 Rc8 15. b3 a6 16. Bf5 Rc7 17. Nd3 g6 18.
Bh3 Bc8 19. Bxc8 Nxc8 20. Rac1 Ne4 21. Bxd6 Ncxd6 22. Ng3 Nxg3 23. hxg3 a5 24. Qe2 Qf6 25. Qf3 Kg7 26. Rc2 Rec8 27. Rfc1 Nf5 28. Ne5 h5 29. g4 hxg4 30. Nxg4 Qd6 31. g3 c5 32. dxc5 Rxc5 33. Rxc5 Rxc5 34. Rd1 Qe6 35. Qf4 Rc2 36. a4 d4 37. exd4 f6 38. d5 Qe2 39. Rf1 bxa4 40. bxa4 Rc4 41. Qb8 Rxg4 42. Rc1 Re4 43. Rc7+ Re7 44.
Rxe7+ Nxe7 45. d6 Qe1+ 46. Kg2 Qe4+ 47. Kg1 Nf5 48. Qc7+ Kh6 49. d7 Qe1+ 50. Kg2 Qe4+ 51. Kg1 Qb1+ 52. Kh2 Qf1 53. Qf4+ g5 54. Qxf5 Qd1 55.
Qxf6+ Kh5 56. d8=Q 1-0

[Event "Early-Titled-Tuesday-Blitz-October-24-2023"]
[Site "Chess.com"]
[Date "2023.10.24"]
[Round "9"]
[White "OK97"]
[Black "MidnightFox"]
[Result "1-0"]
[WhiteElo "2755"]
[BlackElo "2499"]
[TimeControl "180+1"]
[EndTime "9:43:36 PDT"]
[Termination "OK97 won by checkmate"]

1. d4 d5 2. Nf3 Nf6 3. e3 g6 4.
c4 Bg7 5. cxd5 Nxd5 6. e4 Nb6 7. Nc3 O-O 8. Be2 Nc6 9. Be3 e5 10. d5 Ne7 11. a4 Bg4 12. a5 Nbc8 13. h3 Bxf3 14. Bxf3 a6 15. O-O Nd6 16. Na4 Kh8 17. Rc1 Ng8 18. Qd2 Nf6 19. Qc2 Rc8 20. Nc5 h5 21. b4 Nd7 22. Rfd1 Nxc5 23. bxc5 Nb5 24.
Rb1 Rb8 25. d6 Na3 26. Qb3 Nxb1 27. Qxb1 cxd6 28. cxd6 Qd7 29. Bb6 Rbc8 30. Qd3 Rc6 31. Qd5 Re8 32. g4 h4 33. Kg2 Re6 34. Bc7 g5 35.
Rb1 Bf8 36. Rxb7 Bxd6 37. Bxd6 Qxb7 38. Bxe5+ Kh7 39. Bd4 f6 40. Qf5+ Kg7 41. e5 Qf7 42.
exf6+ Kh6 43. Bxc6 Rxc6 44. Qe5 Re6 45. Qf5 Rd6 46.
Be5 Rd5 47. f4 Rd2+ 48. Kg1 Rd1+ 49. Kf2 Rd2+ 50. Ke1 Qg6 51. Qxg6+ Kxg6 52. Kxd2 gxf4 53. Bxf4 Kxf6 54. Ke3 Ke6 55. Ke4 Kf7 56. Kf5 Kg7 57. g5 Kf7 58. g6+ Kg8 59. Kf6 Kf8 60. Bc7 Kg8 61.
Bb6 Kh8 62. Bd4 Kg8 63. Be3 Kh8 64. Kg5 Kg8 65. Kxh4 Kh8 66. Kg5 Kg8 67. h4 Kh8 68. h5 Kg8 69. Kf6 Kh8 70. h6 Kg8 71. Bd4 Kh8 72.
Kf7# 1-0

[Event "Early-Titled-Tuesday-Blitz-October-24-2023"]
[Site "Chess.com"]
[Date "2023.10.24"]
[Round "9"]
[White "VOneChess"]
[Black "Savagelittlemole"]
[Result "1-0"]
[WhiteElo "2321"]
[BlackElo "2505"]
[TimeControl "180+1"]
[EndTime "9:43:36 PDT"]
[Termination "VOneChess won by resignation"]

1. e4 c5 2. Nf3 d6 3. d4 cxd4 4. Nxd4 Nf6 5. Nc3 a6 6. Bg5 Nbd7 7. f4 Qc7 8. Qf3 h6 9. Bh4 g5 10. fxg5 hxg5 11. Bxg5 Qc5 12. Bxf6 Nxf6 13. Nb3 Qg5 14. Be2 Bg7 15. O-O Be6 16. Nd4 Qc5 17. Rad1 Ng4 18.
Qd3 Bxd4+ 19. Qxd4 Qxd4+ 20. Rxd4 Ne3 21. Rc1 Rg8 22.
Bf3 O-O-O 23. Kf2 Ng4+ 24. Bxg4 Rxg4 25. h3 Rg6 26. Ne2 Rf6+ 27. Ke3 Rg8 28. Rg1 Kb8 29. Rb4 Ka7 30. a4 b6 31. Rd4 Kb7 32. Rd2 Rc8 33.
Nd4 Bd7 34. g4 Rh8 35. Rh2 Rfh6 36. Rg3 Rh4 37. Nf5 Bxf5 38. gxf5 f6 39. Rg7 Rxh3+ 40.
Rxh3 Rxh3+ 41. Kd4 Kc6 42. Rxe7 Rh2 43. Kd3 Rh3+ 44. Kd4 Rh2 45. Kc3 Rh3+ 46. Kb4 a5+ 47. Kc4 Rh2 48. Kb3 Rh3+ 49. c3 Re3 50. Re6 Re2 51.
Rxf6 Rxe4 52. Rf8 Rf4 53. f6 Kd7 54. f7 Kc7 55. Ra8 Rxf7 56. Ra7+ Kc6 57. Rxf7 1-0

[Event "Early-Titled-Tuesday-Blitz-October-24-2023"]
[Site "Chess.com"]
[Date "2023.10.24"]
[Round "9"]
[White "tarno17"]
[Black "Akylbek2021"]
[Result "1-0"]
[WhiteElo "2130"]
[BlackElo "2241"]
[TimeControl "180+1"]
[EndTime "9:43:39 PDT"]
[Termination "tarno17 won by checkmate"]

1. e4 e6 2. d4 d5 3. Nd2 c5 4.
exd5 Qxd5 5. Ngf3 cxd4 6. Bc4 Qd7 7. O-O Nc6 8. Nb3 Nf6 9. Nbxd4 Nxd4 10. Qxd4 Qxd4 11.
Nxd4 a6 12. Be2 Be7 13. Bf3 O-O 14. c4 Rd8 15. Nc2 Nd7 16. b4 Bf6 17. Rb1 Ne5 18. Be2 b6 19. f4 Nd3 20. Be3 Bb7 21. Bxb6 Rd6 22. c5 Rd5 23. Bf3 Nxf4 24. Bxd5 Nxd5 25. Ba5 Nc3 26. Rbe1 Nxa2 27. Re3 Nc3 28. Rxf6 Nd5 29. Rff3 Nxe3 30. Rxe3 Kf8 31. Kf2 Ke7 32.
Rd3 Be4 33. Rd2 f5 34. Ke3 g5 35. g3 Rc8 36. Nd4 Bd5 37. Nf3 g4 38. Ne5 Kf6 39. Kf4 h5 40. Nd7+ Kg6 41. Ne5+ Kf6 42. Bb6 h4 43.
gxh4 Rh8 44. Kg3 Kxe5 45. c6 Kd6 46. c7 Rc8 47. Ba5 e5 48. h5 Ke6 49. h6 Kf6 50. Rxd5 Kg6 51. Rd6+ Kg5 52. h7 f4+ 53. Kf2 e4 54.
Rd8 Rxc7 55. Bxc7 e3+ 56. Ke2 Kf5 57. h8=Q Ke4 58. Qe8+ Kf5 59. Rd5+ Kf6 60. Qe5+ Kg6 61. Qe6+ Kg7 62. Rd7+ Kf8 63. Qf7# 1-0

[Event "Early-Titled-Tuesday-Blitz-October-24-2023"]
[Site "Chess.com"]
[Date "2023.10.24"]
[Round "9"]
[White "dosto07"]
[Black "Boninknights"]
[Result "1-0"]
[WhiteElo "2495"]
[BlackElo "2306"]
[TimeControl "180+1"]
[EndTime "9:43:40 PDT"]
[Termination "dosto07 won on time"]

1. e4 c5 2. Nf3 Nc6 3. Bb5 g6 4. Bxc6 dxc6 5. d3 Bg4 6. Nbd2 Bg7 7. h3 Bxf3 8. Nxf3 Nf6 9. O-O O-O 10. Be3 Nd7 11.
Qc1 e5 12. Bh6 Qe7 13. Re1 Rfd8 14. Bxg7 Kxg7 15. b3 Nf8 16. Qb2 f6 17. Nh2 Ne6 18. Rad1 h5 19. Qc1 Rd7 20. Qe3 Rad8 21. Nf3 Nd4 22. Nxd4 Rxd4 23. f4 exf4 24. Qxf4 Qe5 25. Qxe5 fxe5 26. Kf2 b5 27. Ke3 c4 28. Rd2 c5 29.
bxc4 bxc4 30. Rb1 cxd3 31. Rxd3 c4 32. Rb7+ Kf6 33. Ra3 R8d6 34. Rbxa7 Kg5 35. g3 h4 36. Kf3 Rf6+ 37. Ke2 Rxe4+ 38. Kd2 Rf2+ 39. Kc1 Ree2 40. gxh4+ Kxh4 41. Rc3 Kg5 42. Rxc4 e4 43. a4 e3 44. Kb2 Re1 45. Re7 e2 46. Rce4 Rh2 47. a5 Rxh3 48. Rxe2 Rxe2 49. Rxe2 Rh7 50. Re5+ Kf4 51.
Rb5 g5 52. a6 g4 53. Rb7 Rh6 54. a7 Ra6 55. Kb3 g3 56. Rf7+ Ke3 57. Rg7 Kf2 58.
Kb4 g2 59. Rf7+ Ke2 60. Re7+ Kf2 61. Rf7+ Ke2 62. Kb5 1-0